 Dungeon Crawl Stone Soup version 0.29.1-15-g9cfb28693d (webtiles) character file.

Game seed: 15700907291246207934

2031 protoss039 the Digger (level 9, 68/68 HPs)
             Began as a Demonspawn Earth Elementalist on Mar 15, 2023.
             Was an Initiate of Vehumet.
             Got out of the dungeon alive.
             The game lasted 00:07:36 (6919 turns).

protoss039 the Digger (DsEE)                        Turns: 6919, Time: 00:07:36

Health: 68/68      AC:  8    Str:  8    XL:     9   Next: 3%
Magic:  17/17      EV: 14    Int: 20    God:    Vehumet [......]
Gold:   431        SH:  0    Dex: 15    Spells: 13/19 levels left

rFire   . . .      SeeInvis .   e - +6 dagger (venom)
rCold   . . .      Faith    .   (no shield)
rNeg    . . .      Spirit   .   w - +0 ring mail
rPois   .          Reflect  .   (no helmet)
rElec   .          Harm     .   (no cloak)
rCorr   .          Rampage  .   r - +0 pair of gloves
Will    .....                   o - +0 pair of boots
Stlth   +.........              (no amulet)
HPRegen 0.21/turn               g - +4 ring of evasion
MPRegen 0.15/turn               (no ring)

@: no status effects
A: hooves 2, demonic guardian 1, demonic magic 2
a: Renounce Religion


You escaped.
You worshipped Vehumet.
Vehumet was noncommittal.
You visited 2 branches of the dungeon, and saw 7 of its levels.

You collected 431 gold pieces.

Inventory:

Hand Weapons
 e - a +6 dagger of venom (weapon)
Missiles
 l - a throwing net
Armour
 o - a +0 pair of boots (worn)
 r - a +0 pair of gloves (worn)
 w - a +0 ring mail (worn)
Magical Staves
 x - a staff of earth
Jewellery
 g - a +4 ring of evasion (left hand)
 z - an amulet of magic regeneration
 A - a ring of protection from cold
Wands
 n - a wand of roots (11)
 s - a wand of flame (12)
 y - a wand of polymorph (11)
Scrolls
 a - a scroll of noise {unknown}
 c - 3 scrolls of identify
 d - 2 scrolls of teleportation {unknown}
 h - a scroll of silence {unknown}
 j - a scroll of torment {unknown}
 k - a scroll of poison {unknown}
 m - a scroll of magic mapping {unknown}
 v - 3 scrolls of fear
Potions
 b - 2 potions of magic
 f - 2 potions of might {unknown}
 i - a potion of attraction {unknown}
 p - 3 potions of mutation
 q - 4 potions of curing
 t - a potion of degeneration {unknown}
 u - 2 potions of brilliance {unknown}


   Skills:
 + Level 5.5 Fighting
 * Level 4.6 Armour
 - Level 1.7 Dodging
 - Level 1.7 Stealth
 + Level 5.6 Spellcasting
 + Level 2.4 Conjurations
 - Level 0.8 Transmutations
 + Level 6.1 Earth Magic


You had 13 spell levels left.
You knew the following spells:

 Your Spells              Type           Power      Damage    Failure   Level
a - Sandblast             Erth           60%        2d14      2%          1
b - Passwall              Tmut/Erth      15%        N/A       11%         2
c - Stone Arrow           Conj/Erth      44%        3d9       16%         3

Your spell library contained the following spells:

 Spells                   Type           Power      Damage    Failure   Level
 Sting                    Tmut/Pois      28%        1d4       26%         1
 Blink                    Tloc           10%        N/A       41%         2
 Poisonous Vapours        Pois/Air       10%        N/A       41%         2
 Petrify                  Tmut/Erth      19%        N/A       56%         4
 Gell's Gravitas          Tloc           5%         N/A       65%         3
 Lesser Beckoning         Tloc           5%         N/A       65%         3
 Teleport Other           Tloc           5%         N/A       65%         3
 Olgreb's Toxic Radiance  Pois           5%         N/A       96%         4
 Manifold Assault         Tloc           5%         N/A       100%        5


Dungeon Overview and Level Annotations

Branches:
Dungeon (6/15) Zot: 26365  Temple (1/1) D:4 Zot: 5773

Altars:
Cheibriados
Dithmenos
Hepliaklqana
Makhleb
Okawaru
Qazlal
Ru
Sif Muna
Vehumet
Wu Jian
Xom
Yredelemnul

Shops:
D:2 =

Annotations:
D:6 1 runed translucent door, gargbit's ghost, novice DsHu


Innate Abilities, Weirdness & Mutations

You have hoof-like feet.
A weak demonic guardian rushes to your aid.
Spells you cast may paralyse nearby enemies.


Message History

Press: ? - help, Shift-Dir - straight line, f - ufetubus
Aim: an ufetubus (73% to hit)
The blast of sand hits the ufetubus!!
You kill the ufetubus!
Vehumet accepts your kill. Malevolent energies surge around you.
You see here an orb of wrath.
Gargbit's ghost turns its malevolent gaze towards you.
There is a stone staircase leading up here.
You climb upwards.
There is a stone staircase leading down here.
(D) Dungeon (T) Temple
Where to? (Enter - D:6 @ (x,y), ? - help)
What level of the Dungeon? (default 1, ? - help)
You see here 2 stones.
You see here a +0 spear.
You see here a +0 spear.
There is a stone staircase leading up here.
You climb upwards.
There is a stone staircase leading down here.
There is a stone staircase leading up here.
You climb upwards.
There is a stone staircase leading down here.
You see here a +0 scale mail.
There is a stone staircase leading up here.
You climb upwards.
There is a stone staircase leading down here.
You see here a +0 sling.
HP restored.
There is a stone staircase leading up here.
You climb upwards.
There is a stone staircase leading down here.
Key pressed, stopping travel.
You see here a +0 dagger.
You enter the shallow water.
Moving in this stuff is going to be slow.
There is an open door here.
There is a staircase leading out of the dungeon here.
Are you sure you want to leave the Dungeon?
This will make you lose the game!
You have escaped!

#~~≈≈##+≈≈ #.~≈≈≈≈≈≈≈
#~~≈≈≈≈≈≈≈ #.~≈≈##≈≈≈
#.≈≈≈##≈≈≈ ≈≈≈##≈# #.~≈≈≈≈≈≈≈
≈≈##≈# #.≈≈≈≈≈≈######≈≈≈≈#
##~~####≈#....#≈≈≈≈#
#..~'@>#≈#..>.#≈≈≈≈#
##..~####≈#....#≈≈≈≈#
#...~≈≈≈≈≈####'#≈≈≈≈#
##.##~.≈≈~≈~~~~~~≈~≈~#
##########..###..~~..~.~.~.~..#
.......)...## ##########.######
....######## #....# ###.#
######.#### ###.# #......#


There were no monsters in sight!

Vanquished Creatures
  Pikel (D:4)
  Sigmund (D:4)
  Duvessa (D:4)
  2 black bears
  An ice beast (D:6)
  2 ogres
  A centaur (D:5)
  A kobold brigand (D:6)
  A bullfrog (D:6)
  Dowan (D:4)
  An orc priest (D:4)
  3 hounds
  A jelly (D:5)
  2 iguanas
  Natasha (thrice) (D:3)
  2 orc wizards (D:4)
  13 gnolls
  7 adders
  A shadow imp (D:5)
  A white imp (D:5)
  An ufetubus (D:6)
  A worm (D:4)
  3 dart slugs
  5 orcs
  7 endoplasms
  4 giant cockroaches
  10 goblins
  4 hobgoblins
  11 jackals
  A quokka (D:5)
  3 ball pythons
  8 bats
  3 frilled lizards
  7 kobolds
  12 rats
126 creatures vanquished.

Notes
Turn   | Place    | Note
-------+----------+-------------------------------------------
     0 | D:1      | protoss039 the Demonspawn Earth Elementalist began the
                  | quest for the Orb.
     0 | D:1      | Reached XP level 1. HP: 13/13 MP: 3/3
   161 | D:1      | Gained mutation: Spells you cast may paralyse adjacent
                  | enemies. [demonic ancestry]
   161 | D:1      | Reached XP level 2. HP: 20/20 MP: 5/5
   182 | D:1      | Reached skill level 1 in Fighting
   415 | D:1      | Reached skill level 3 in Earth Magic
   798 | D:1      | Gained mutation: You have large cloven feet. [demonic
                  | ancestry]
   798 | D:1      | Reached XP level 3. HP: 23/26 MP: 6/6
  1022 | D:1      | Learned a level 2 spell: Passwall
  1023 | D:2      | Found Luseux's Jewellery Emporium.
  1326 | D:2      | Reached XP level 4. HP: 26/33 MP: 8/8
  2355 | D:2      | Learned a level 3 spell: Stone Arrow
  2544 | D:3      | Reached XP level 5. HP: 10/39 MP: 6/9
  2920 | D:3      | You fall into a shaft and drop 1 floor!
  2988 | D:4      | Reached skill level 1 in Armour
  3130 | D:4      | Noticed Pikel
  3131 | D:4      | Noticed a lemure
  3131 | D:4      | Noticed a lemure
  3137 | D:4      | Noticed a lemure
  3139 | D:4      | Noticed a lemure
  3141 | D:4      | Killed Pikel
  3142 | D:4      | Reached skill level 4 in Earth Magic
  3142 | D:4      | Gained mutation: You have hoof-like feet. [demonic
                  | ancestry]
  3142 | D:4      | Reached XP level 6. HP: 18/47 MP: 4/12
  3142 | D:4      | Gained mutation: Spells you cast may paralyse nearby
                  | enemies. [demonic ancestry]
  3142 | D:4      | Reached XP level 7. HP: 20/52 MP: 4/13
  3423 | D:4      | Found a staircase to the Ecumenical Temple.
  3663 | Temple   | Entered the Ecumenical Temple
  3860 | Temple   | Became a worshipper of Vehumet
  3964 | D:4      | Noticed Sigmund
  3972 | D:4      | Killed Sigmund
  3973 | D:4      | Reached skill level 5 in Earth Magic
  4121 | D:4      | Noticed Duvessa
  4128 | D:4      | Killed Duvessa
  4129 | D:4      | Noticed Dowan
  4133 | D:4      | Killed Dowan
  4134 | D:4      | Reached XP level 8. HP: 61/61 MP: 9/15
  4421 | D:4      | Reached skill level 5 in Spellcasting
  4706 | D:3      | Noticed Natasha
  4715 | D:3      | Killed Natasha
  4831 | D:3      | Noticed Natasha
  4836 | D:3      | Killed Natasha
  4837 | D:3      | Reached skill level 5 in Fighting
  5049 | D:3      | Noticed Natasha
  5053 | D:3      | Killed Natasha
  5136 | D:5      | Entered Level 5 of the Dungeon
  5339 | D:5      | Reached skill level 1 in Conjurations
  6389 | D:6      | Noticed gargbit's ghost (novice DsHu)
  6389 | D:6      | Found a runed translucent door.
  6389 | D:6      | Found a shimmering altar of Xom.
  6395 | D:6      | Noticed a +0 spear of chaos
  6412 | D:6      | Reached skill level 6 in Earth Magic
  6735 | D:6      | Gained mutation: A weak demonic guardian rushes to your
                  | aid. [demonic ancestry]
  6735 | D:6      | Reached XP level 9. HP: 42/68 MP: 15/17
  6919 | D:$      | Got out of the dungeon alive.

Illustrated notes

Levels and vault maps discovered:
D:1:      minmay_arrival_floating_metal, layout_rooms
D:2:      minmay_angry_zag, layout_loops_ring, serial_shops, shop
D:3:      layout_basic, uniq_natasha
D:4:      layout_loops_ring, nicolae_elyvilon_peaceful_grove,
          minmay_temple_entry_crystal_x, kennysheep_orc_chapel, uniq_pikel,
          uniq_duvessa, uniq_sigmund
D:5:      layout_basic, lemuel_crystal_altar, small_statue_intersection
D:6:      layout_basic, serial_shops, nicolae_shop_behind_doors,
          ebering_ghost_xom, chequers_avenue
Temple:   minmay_temple_curvy_loop

Skill      XL: |  1  2  3  4  5  6  7  8 |
---------------+-------------------------+-----
Fighting       | 1 2 3 4 5 |  5.5
Earth Magic    | 3 4 5 6 |  6.1
Spellcasting   | 3 4 5 |  5.6
Armour         | 3 4 |  4.6
Conjurations   | 2 |  2.4
Dodging        | |  1.7
Stealth        | |  1.7
Transmutations | |  0.8

Action                   |  1- 3 |  4- 6 |  7- 9 || total
-------------------------+-------+-------+-------++-------
Melee: Dagger            |    51 |    39 |    75 ||   165
       Unarmed           |     1 |       |       ||     1
       Kick              |    12 |     1 |       ||    13
 Fire: Sling             |    13 |       |       ||    13
 Cast: Sandblast         |    19 |    25 |    75 ||   119
  Use: Scroll            |     3 |     2 |     4 ||     9
       Potion            |       |     1 |       ||     1
 Stab: Sleeping          |     7 |       |       ||     7
       Paralysed         |     3 |     9 |    27 ||    39
Armor: Robe              |    15 |       |       ||    15
       Leather armour    |       |     2 |     3 ||     5
       Ring mail         |       |       |    26 ||    26
Dodge: Dodged            |    47 |    29 |    57 ||   133
